Workbook

Sheet ADECUACION MURO S. J.
A1: Republica de Colombia
A2: Departamento de La Guajira
A3: Municipio de Maicao
A4: INSTITUCIÓN EDUCATIVA No 5 NIT. 892.120.019 – 0 Sedes: Técnico San José y Yaneth del Carmen Marulanda Nieves
A6: PRESUPUESTO OFICIAL
A8: OBJETO: ADECUACION DE INFRAESTRUCTURA FISICA EXISTENTE Y LEVANTE DEL MURO EXTERIOR CALLE 16 EN BLOK ABUJARDADO DE LA INSTITUCION EDUCATIVA NUMERO 5, SEDES:TECNICO SAN JOSE Y YANET DEL CARMEN MARULANDA NIEVES EN EL MUNICIPIO DE MAICAO, LA GUAJIRA
A9: ITEM | B9: DESCRIPCION | C9: UND | D9: CANTIDAD | E9: VR. UNITARIO | F9: VALOR PARCIAL
B10: ADECUACION DE LA ESTRUCTURA FISICA EXISTENTE
A11: 1 | B11: PRELIMINARES
A12: =A11+0.1 -> 1.1 | B12: Localizacion y replanteo | C12: M2 | D12: 120 | E12: =+'APUs OBRA'!I42 -> 4868 | F12: =(D12*E12) -> 584160
A13: =A12+0.1 -> 1.2 | B13: Cerramiento en tela verde | C13: M2 | D13: 80 | E13: 4500 | F13: =(D13*E13) -> 360000
A14: =A13+0.1 -> 1.3 | B14: Desmonte de pergolas | C14: UND | D14: 15 | E14: ='APUs OBRA'!I93 -> 35433 | F14: =(D14*E14) -> 531495
A15: =A14+0.1 -> 1.4 | B15: Desmonte puertas metalicas | C15: UND | D15: 1 | E15: =+'APUs OBRA'!I141 -> 59735 | F15: =(D15*E15) -> 59735
B16: COSTO DIRECTO PRELIMINARES | F16: =F12+F13+F14+F15 -> 1535390
A17: 2 | B17: DEMOLICION
A18: =A17+0.1 -> 2.1 | B18: Demolición de vigas y columnas e: 0,30 m, incluye retiro de material producto de la actividad | C18: ML | D18: 50 | E18: =+'APUs OBRA'!I190 -> 49121 | F18: =(D18*E18) -> 2456050
A19: =A18+0.1 -> 2.2 | B19: Demolición de plantilla y anden e: 0.07m, incluye retiro de material producto de la actividad. | C19: M2 | D19: 158 | E19: =+'APUs OBRA'!I238 -> 20456 | F19: =(D19*E19) -> 3232048
A20: =A19+0.1 -> 2.3 | B20: Demolición de muro en bloque o ladrillo N°4 pañetado y acabado incluye retiro de material producto de la actividad. | C20: M2 | D20: 114 | E20: =+'APUs OBRA'!I334 -> 23304 | F20: =(D20*E20) -> 2656656
B21: COSTO DIRECTO DEMOLICION | F21: =SUM(F18:F20) -> 8344754
A22: 3 | B22: ESTRUCTURAS
B23: Suministro e instalacion de Tapa en concreto reforzado de registro sanitarios existentes en marco de angulos | C23: UND | D23: 2 | E23: 255000 | F23: =(D23*E23) -> 510000
B24: Rampa en concreto en lamina metaldet incluye estructura | C24: M2 | D24: 4 | E24: 256000 | F24: =(D24*E24) -> 1024000
B25: COSTO DIRECTO ESTRUCTURA | F25: =SUM(F23:F24) -> 1534000
B26: PAÑETE
A27: =A26+0.1 -> 0.1 | B27: Pañete lineal allanado sobre muros, Proporción 1:4. | C27: Ml | D27: 70 | E27: =+'APUs OBRA'!I624 -> 14051 | F27: =(D27*E27) -> 983570
A28: =A27+0.1 -> 0.2 | B28: Resane Pañete allanado sobre muros, Proporción 1:4. (Incluye filos y dilataciones). | C28: M2 | D28: 80 | E28: =+'APUs OBRA'!I672 -> 29940 | F28: =(D28*E28) -> 2395200
B29: COSTO DIRECTO PAÑETE | F29: =SUM(F27:F28) -> 3378770
B30: CARPINTERIA METALICA
B31: Instalacion reja existente incluye pintura en esmalte 2,5 | C31: UND | D31: 1 | E31: 550000 | F31: =+E31*D31 -> 550000
B32: COSTO DIRECTO CARPINTERIA METALICA | F32: =SUM(F30:F31) -> 550000
B33: PISOS
A34: =A33+0.1 -> 0.1 | B34: Plantilla de piso allanada, en concreto de 3000 psi, esp. = 7 cm | C34: M2 | D34: 110 | E34: =+'APUs OBRA'!I771 -> 65881.994 | F34: =(D34*E34) -> 7247019.3
A35: =A34+0.1 -> 0.2 | B35: Suministro e instalación de piso tableta de gres trafico 5 corona, alfa o similar (acordar dimensiones en planos diseños ) | C35: M2 | D35: 120 | E35: =+'APUs OBRA'!I867 -> 125364 | F35: =(D35*E35) -> 15043680
A36: =A35+0.1 -> 0.3 | B36: Suministro e instalación de zócalos piedra china lavada (acordar dimensiones en planos diseños ) | C36: ML | D36: 38 | E36: =+'APUs OBRA'!I1011 -> 40994 | F36: =(D36*E36) -> 1557772
B37: COSTO DIRECTO PISOS | F37: =SUM(F34:F36) -> 23848471
B38: ACABADOS
A39: =A38+0.1 -> 0.1 | B39: Estuco plastico impermeabilizado para exterior | C39: M2 | D39: 90 | E39: 24000 | F39: =(D39*E39) -> 2160000
A40: =A39+0.1 -> 0.2 | B40: Pintura tipo uno koraza exterior | C40: M2 | D40: 266 | E40: 26724 | F40: =(D40*E40) -> 7108584
B41: COSTO DIRECTO ACABADOS | F41: =F39+F40 -> 9268584
E43: COSTO DIRECTO TOTAL: | F43: =F16+F21+F25+F29+F32+F37+F41 -> 48459969
B45: ADMINISTRACIÓN: | E45: 0.25 | F45: =+E45*F43 -> 12114992
B46: IVA SOBRE LA UTILIDAD | E46: 0.19 | F46: =+E46*F47 -> 460369.71
B47: UTILIDAD: | E47: 0.05 | F47: =+E47*F43 -> 2422998.5
B48: VALOR DE ADECUACION INFRAESTRUCTURA EXISTENTE : | F48: =SUM(F43:F47) -> 63458330
B50: LEVANTE DE MURO ABUJARDADO DE CERRAMIENTO EXTERIOR CARRERA 16
B51: EXCAVACION
B52: Excavacion zapatas y cimientos | C52: M3 | D52: 15.3 | E52: =+'APUs OBRA'!I286 -> 41691 | F52: =(D52*E52) -> 637872.3
B53: COSTO DIRECTO EXCAVACION | F53: =SUM(F51:F52) -> 637872.3
A54: 3 | B54: ESTRUCTURAS
A55: =A22+0.1 -> 3.1 | B55: Acero de refuerzo 60000 psi | C55: KG | D55: 898 | E55: 14442 | F55: =(D55*E55) -> 12968916
A56: =A55+0.1 -> 3.2 | B56: Solado en concreto de 1500 psi | C56: M3 | D56: 0.55 | E56: 617000 | F56: =(D56*E56) -> 339350
A57: =A56+0.1 -> 3.3 | B57: Zapata de .90x .90 en concreto de 3000 psi e =.30 | C57: M3 | D57: 2.7 | E57: 1517130 | F57: =(D57*E57) -> 4096251
A58: =A57+0.1 -> 3.4 | B58: Columnas en concreto de 3000 psi de .25x.25 H=3mts | C58: M3 | D58: 1.5 | E58: =+'APUs OBRA'!I478 -> 1805766 | F58: =(D58*E58) -> 2708649
A59: =A58+0.1 -> 3.5 | B59: Cimiento ciclopeo de .40x.60 concreto de 3000 psi mezcla de canto rodado | C59: M3 | D59: 7.2 | E59: 890000 | F59: =(D59*E59) -> 6408000
A60: =A59+0.1 -> 3.6 | B60: Viga de cimentacion en concreto a la vista reforzado de .30x.30, (3000 psi). | C60: M3 | D60: 3.17 | E60: =+'APUs OBRA'!I386 -> 2013506 | F60: =(D60*E60) -> 6382814
A61: =A60+0.1 -> 3.7 | B61: Viga de amarre corona en concreto ala vista de .25x.25 MPa, (3000 psi). | C61: M3 | D61: 2.2 | E61: =+'APUs OBRA'!I386 -> 2013506 | F61: =(D61*E61) -> 4429713.2
A62: =A61+0.1 -> 3.8 | B62: Anden en concreto de 3000 psi e=10 cms | C62: M2 | D62: 38 | E62: =+'APUs OBRA'!I819 -> 92719.2 | F62: =(D62*E62) -> 3523329.6
A63: =A62+0.1 -> 3.9 | B63: Bordillo en concreto reforzado | C63: ML | D63: 41 | E63: 70000 | F63: =(D63*E63) -> 2870000
A64: 3.10 | B64: Alfajía en concreto a la vista 20.7 MPa (3000 PSI) A=0.25 M, H=0.07 M, 2D1/2+F3/8, cara superior pulida | C64: ML | D64: 38 | E64: =+'APUs OBRA'!I526 -> 77607 | F64: =(D64*E64) -> 2949066
B65: COSTO DIRECTO ESTRUCTURAS | F65: =SUM(F55:F64) -> 46676089
A66: 4 | B66: MAMPOSTERIA
A67: =A66+0.1 -> 4.1 | B67: Levante de muros en bloques abujardado a color .14x.40x.40cm | C67: M2 | D67: 92 | E67: =+'APUs OBRA'!I576 -> 199857 | F67: =(D67*E67) -> 18386844
B68: COSTO DIRECTO MAMPOSTERIA | F68: =SUM(F67:F67) -> 18386844
A69: 8 | B69: ASEO
A70: =A69+0.1 -> 8.1 | B70: Aseo general | C70: UND | D70: 1 | E70: 700000 | F70: =(D70*E70) -> 700000
B71: COSTO DIRECTO ASEO | F71: =F70 -> 700000
F72: =+E72*D72 -> 0
B73: COSTO DIRECTO TOTAL: | F73: =F53+F65+F68+F71 -> 66400805
B74: ADMINISTRACIÓN: | E74: 0.25 | F74: =+E74*F73 -> 16600201
B75: IVA SOBRE LA UTILIDAD | E75: 0.19 | F75: =+E75*F76 -> 630807.65
B76: UTILIDAD: | E76: 0.05 | F76: =+E76*F73 -> 3320040.3
B77: VALOR TOTAL MURO ABUJARDADO: | F77: =SUM(F73:F76) -> 86951854
B78: SUMA VALOR TOTAL DE LA OBRA $ 150.410.184
B79: ELABORÓ: | C79: REVISÓ Y APROBÓ:

Sheet APUs OBRA
A1: ANÁLISIS DE PRECIOS UNITARIOS
A2: 1 | B2: PRELIMINARES
A3: OBRA:
A4: ITEM: | B4: 1,1, | C4: Localizacion y replanteo
A5: UND.: | B5: M2 | D5: CANT.:
A7: 1.- MATERIALES EN OBRA:
A9: CÓD. | B9: DESCRIPCIÓN | E9: UND. | F9: CANT/UND | G9: COSTO | H9: VR. PARCIAL
B10: Estacas, cuerdas, etc. | E10: GBL | F10: 1 | G10: 650 | H10: =ROUND(F10*G10,0) -> 650
H11: =ROUND(F11*G11,0) -> 0
H12: =ROUND(F12*G12,0) -> 0
H13: =ROUND(F13*G13,0) -> 0
H14: =ROUND(F14*G14,0) -> 0
H15: =ROUND(F15*G15,0) -> 0
H16: =ROUND(F16*G16,0) -> 0
H17: =ROUND(F17*G17,0) -> 0
H18: =ROUND(F18*G18,0) -> 0
H19: =ROUND(F19*G19,0) -> 0
E21: SUB-TOTAL MATERIALES: | I21: =SUM(H10:H19) -> 650
A23: 2.- EQUIPOS:
A25: CÓD. | B25: DESCRIPCIÓN | E25: Tarifa/dia u hora | G25: RENDIM. | H25: VR. PARCIAL
B26: Equipo de topografía | E26: 100000 | G26: 95 | H26: =ROUND(E26/G26,0) -> 1053
G27: 1 | H27: =ROUND(E27/G27,0) -> 0
G28: 1 | H28: =ROUND(E28/G28,0) -> 0
G29: 1 | H29: =ROUND(E29/G29,0) -> 0
G30: 1 | H30: =ROUND(E30/G30,0) -> 0
E32: SUB-TOTAL EQUIPOS: | I32: =SUM(H26:H30) -> 1053
A34: 3.- MANO DE OBRA:
A36: CÓD. | B36: DESCRIPCIÓN | C36: UND. | D36: JORNAL | E36: % PREST. | F36: JORNAL TOT. | G36: RENDIMIENTO | H36: VR. PARCIAL
B37: Topógrafo | C37: dia | D37: 80000 | E37: 185 | F37: =ROUND(D37*(+E37)/100,0) -> 148000 | G37: 95 | H37: =ROUND(F37/G37,0) -> 1558
A38: 2 | B38: Cadeneros | C38: 50000 | D38: =A38*C38 -> 100000 | E38: 185 | F38: =ROUND(D38*(+E38)/100,0) -> 185000 | G38: 95 | H38: =ROUND(F38/G38,0) -> 1947
A39: 0.2 | B39: Maestro | C39: 95000 | D39: 70000 | E39: 185 | F39: =ROUND(D39*(+E39)/100,0) -> 129500 | G39: 95 | H39: =ROUND(F39/G39,0) -> 1363
E40: 185 | F40: =ROUND(D40*(+E40)/100,0) -> 0 | G40: 1 | H40: =ROUND(F40/G40,0) -> 0
E42: SUB-TOTAL MANO DE OBRA: | I42: =SUM(H37:H40) -> 4868
G45: COSTO DIRECTO: | I45: =I20+I32+I42 -> 5921
A48: ANÁLISIS DE PRECIOS UNITARIOS
A49: OBRA:
A50: ITEM: | B50: 1.2 | C50: Desmonte de pergolas
A51: UND.: | B51: M2 | D51: CANT.:
A53: 1.- MATERIALES EN OBRA:
A55: CÓD. | B55: DESCRIPCIÓN | E55: UND. | F55: CANT/UND | G55: COSTO | H55: VR. PARCIAL
G56: 0 | H56: =ROUND(F56*G56,0) -> 0
H57: =ROUND(F57*G57,0) -> 0
H58: =ROUND(F58*G58,0) -> 0
H59: =ROUND(F59*G59,0) -> 0
H60: =ROUND(F60*G60,0) -> 0
H61: =ROUND(F61*G61,0) -> 0
H62: =ROUND(F62*G62,0) -> 0
H63: =ROUND(F63*G63,0) -> 0
H64: =ROUND(F64*G64,0) -> 0
H65: =ROUND(F65*G65,0) -> 0
H66: =ROUND(F66*G66,0) -> 0
E68: SUB-TOTAL MATERIALES: | I68: =SUM(H56:H66) -> 0
A70: 2.- EQUIPOS:
A72: CÓD. | B72: DESCRIPCIÓN | E72: Tarifa/dia u hora | G72: RENDIM. | H72: VR. PARCIAL
G73: 1 | H73: =ROUND(E73/G73,0) -> 0
B74: Equipo menor | E74: 15000 | G74: 5.5 | H74: =ROUND(E74/G74,0) -> 2727
G75: 1 | H75: =ROUND(E75/G75,0) -> 0
G76: 1 | H76: =ROUND(E76/G76,0) -> 0
G77: 1 | H77: =ROUND(E77/G77,0) -> 0
E79: SUB-TOTAL EQUIPOS: | I79: =SUM(H73:H77) -> 2727
A82: 3.- MANO DE OBRA:
A84: CÓD. | B84: DESCRIPCIÓN | C84: UND. | D84: JORNAL | E84: % PREST. | F84: JORNAL TOT. | G84: RENDIMIENTO | H84: VR. PARCIAL
E85: 185 | F85: =ROUND(D85*(+E85)/100,0) -> 0 | G85: 1 | H85: =ROUND(F85/G85,0) -> 0
A86: 2 | B86: Ayudantes (2) | C86: 50000 | D86: =A86*C86 -> 100000 | E86: 185 | F86: =ROUND(D86*(+E86)/100,0) -> 185000 | G86: 7 | H86: =ROUND(F86/G86,0) -> 26429
A87: 0.25 | B87: Maestro | C87: 95000 | D87: =A87*C87 -> 23750 | E87: 185 | F87: =ROUND(D87*(+E87)/100,0) -> 43938 | G87: 7 | H87: =ROUND(F87/G87,0) -> 6277
E88: 185 | F88: =ROUND(D88*(+E88)/100,0) -> 0 | G88: 1 | H88: =ROUND(F88/G88,0) -> 0
E90: SUB-TOTAL MANO DE OBRA: | I90: =SUM(H85:H88) -> 32706
G93: COSTO DIRECTO: | I93: =I68+I79+I90 -> 35433
A96: ANÁLISIS DE PRECIOS UNITARIOS
A97: OBRA:
A98: ITEM: | B98: 1.3 | C98: Desmonte puertas metálicas
A99: UND.: | B99: UN | D99: CANT.:
A101: 1.- MATERIALES EN OBRA:
A103: CÓD. | B103: DESCRIPCIÓN | E103: UND. | F103: CANT/UND | G103: COSTO | H103: VR. PARCIAL
G104: 0 | H104: =ROUND(F104*G104,0) -> 0
H105: =ROUND(F105*G105,0) -> 0
H106: =ROUND(F106*G106,0) -> 0
H107: =ROUND(F107*G107,0) -> 0
H108: =ROUND(F108*G108,0) -> 0
H109: =ROUND(F109*G109,0) -> 0
H110: =ROUND(F110*G110,0) -> 0
H111: =ROUND(F111*G111,0) -> 0
H112: =ROUND(F112*G112,0) -> 0
H113: =ROUND(F113*G113,0) -> 0
H114: =ROUND(F114*G114,0) -> 0
E116: SUB-TOTAL MATERIALES: | I116: =SUM(H104:H114) -> 0
A118: 2.- EQUIPOS:
A120: CÓD. | B120: DESCRIPCIÓN | E120: Tarifa/dia u hora | G120: RENDIM. | H120: VR. PARCIAL
G121: 1 | H121: =ROUND(E121/G121,0) -> 0
B122: Equipo menor | E122: 15000 | G122: 6 | H122: =ROUND(E122/G122,0) -> 2500
G123: 1 | H123: =ROUND(E123/G123,0) -> 0
G124: 1 | H124: =ROUND(E124/G124,0) -> 0
G125: 1 | H125: =ROUND(E125/G125,0) -> 0
E127: SUB-TOTAL EQUIPOS: | I127: =SUM(H121:H125) -> 2500
A130: 3.- MANO DE OBRA:
A132: CÓD. | B132: DESCRIPCIÓN | C132: UND. | D132: JORNAL | E132: % PREST. | F132: JORNAL TOT. | G132: RENDIMIENTO | H132: VR. PARCIAL
E133: 185 | F133: =ROUND(D133*(+E133)/100,0) -> 0 | G133: 1 | H133: =ROUND(F133/G133,0) -> 0
A134: 2 | B134: Ayudantes (2) | C134: 50000 | D134: =A134*C134 -> 100000 | E134: 185 | F134: =ROUND(D134*(+E134)/100,0) -> 185000 | G134: 4 | H134: =ROUND(F134/G134,0) -> 46250
A135: 0.25 | B135: Maestro | C135: 95000 | D135: =A135*C135 -> 23750 | E135: 185 | F135: =ROUND(D135*(+E135)/100,0) -> 43938 | G135: 4 | H135: =ROUND(F135/G135,0) -> 10985
E136: 185 | F136: =ROUND(D136*(+E136)/100,0) -> 0 | G136: 1 | H136: =ROUND(F136/G136,0) -> 0
...

Sheet CÁLCULO DEL AIU
A1: CALCULO DEL AIU
A2: PROYECTO: ADECUACION DE INFRAESTRUCTURA FISICA DEL MODULO NORTE DE LA INSTITUCION EDUCATIVA NUMERO 7, SEDE JUAN XXIII EN EL MUNICIPIO DE MAICAO, LA GUAJIRA
B3: COSTO TOTAL DE LA OBRA: | G3: ='ADECUACION MURO S. J.'!F77 -> 86951854
B5: COSTO DE ADMINISTRACIÓN DE LA OBRA
B6: Descripción | C6: UNIDAD | D6: CANTIDAD | E6: PARTICIPACIÓN | F6: VALOR UNITARIO | G6: VALOR PARCIAL
A8: 1 | B8: Personal de obra
A9: =+A8+0.1 -> 1.1 | B9: Director de obra con prestaciones sociales | C9: Mes | D9: 1.5 | E9: 0.5 | F9: 5000000 | G9: =+F9*E9*D9 -> 3750000
A10: =+A9+0.1 -> 1.2 | B10: Residente de obra con prestaciones sociales | C10: Mes | D10: 1.5 | E10: 1 | F10: 3000000 | G10: =+F10*E10*D10 -> 4500000
B11: Total personal de obra | G11: =SUM(G9:G10) -> 8250000
A13: 4 | B13: Otros gastos generales
A14: 4.1 | B14: Ensayos de laboratorio para materiales, pruebas de carga y otros que sean requeridos | C14: glb | D14: 1 | F14: 310000 | G14: =+F14*D14 -> 310000
B15: Total otros - gastos generales | G15: =SUM(G14:G14) -> 310000
A17: 5 | B17: Costos de legalización del contrato
A18: 5.1 | B18: Pólizas
A19: 5.1.1 | B19: Cumplimiento | C19: un | D19: 1 | E19: 0.001 | F19: =SUM($G$3*E19) -> 86951.854 | G19: =+F19 -> 86951.854
A20: 5.1.2 | B20: Amparo de salarios y prest. sociales | C20: un | D20: 1 | E20: 0.0009 | F20: =SUM($G$3*E20) -> 78256.669 | G20: =+F20 -> 78256.669
A21: 5.1.3 | B21: Amparo de anticipo | C21: un | D21: 1 | E21: 0.0006 | F21: =SUM($G$3*E21) -> 52171.113 | G21: =+F21 -> 52171.113
A22: 5.1.4 | B22: Responsabilidad civil extracontractual | C22: un | D22: 1 | E22: 0.0005 | F22: =SUM($G$3*E22) -> 43475.927 | G22: =+F22 -> 43475.927
A23: 5.1.5 | B23: Estabilidad de obra | C23: un | D23: 1 | E23: 0.001 | F23: =SUM($G$3*E23) -> 86951.854 | G23: =+F23 -> 86951.854
B24: Total costos de legalización del contrato | E24: =SUM(E19:E23) -> 0.004 | G24: =SUM(G19:G23) -> 347807.42
A25: 6 | B25: Costos de impuestos o carga impositiva
A26: 6.1 | B26: Impuestos
A27: 6.1.1 | B27: Prevención | C27: und | D27: 1 | E27: 0.004 | F27: =+E27*$G$3 -> 347807.42 | G27: =+F27 -> 347807.42 | H27: 5
A28: 6.1.5 | B28: Estampilla Pro-Desarrollo Departamental | C28: und | D28: 1 | E28: 0.02 | F28: =+E28*$G$3 -> 1739037.1 | G28: =+F28 -> 1739037.1
A29: 6.1.6 | B29: Estampilla Pro Cultura | C29: und | D29: 1 | E29: 0.02 | F29: =+E29*$G$3 -> 1739037.1 | G29: =+F29 -> 1739037.1
A30: 6.1.7 | B30: Estampilla Pro Universidad | C30: und | D30: 1 | E30: 0.02 | F30: =+E30*$G$3 -> 1739037.1 | G30: =+F30 -> 1739037.1
A31: 6.1.8 | B31: Estampilla Pro Adulto Mayor | C31: und | D31: 1 | E31: 0.04 | F31: =+E31*$G$3 -> 3478074.2 | G31: =+F31 -> 3478074.2
A32: 6.1.9 | B32: Estampilla Pro Desarrollo Fronterizo | C32: und | D32: 1 | E32: 0.0036 | F32: =+E32*$G$3 -> 313026.68 | G32: =+F32 -> 313026.68
A33: 6.1.10 | B33: Estampilla Pro Deportes | C33: und | D33: 1 | E33: 0.02 | F33: =+E33*$G$3 -> 1739037.1 | G33: =+F33 -> 1739037.1
A34: 6.1.11 | B34: Estampilla Justicia y Familia | C34: und | D34: 1 | E34: 0.02 | F34: =+E34*$G$3 -> 1739037.1 | G34: =+F34 -> 1739037.1
B36: Total costos de impuestos | E36: =SUM(E27:E35) -> 0.1476 | G36: =SUM(G27:G35) -> 12834094
B38: ADMINISTRACION | F38: =+(G38*100%)/G3 -> 0.25004528 | G38: =+G36+G24+G15+G12+G11 -> 21741901
B39: IMPREVISTOS | F39: 0 | G39: =+F39*G3 -> 0
B40: UTILIDAD | F40: 0.05 | G40: =+F40*G3 -> 4347592.7
B41: Total AIU | F41: =+F38+F39+F40 -> 0.30004528 | G41: =+F41*G3 -> 26089494
G87: =+G78 -> 0
G96: K0+000 AL K2+869,36

Sheet Hoja1
A1: L I S T A D E P R E C I O S U N I T A R I O S D E M A T E R I A L E S
A3: D E S C R I P C I O N | B3: UNIDAD | C3: COSTO DEL | D3: CANTIDAD | E3: VALOR TRANSP | F3: COSTO | G3: COSTO TOT.
C4: TRANSPORTE | D4: TRANSPORTADA | E4: POR UNIDAD | F4: Ferreteria | G4: EN OBRA
A6: CONCRETO 3000 PSI. | B6: M3
A7: MORTERO 1:4 | B7: M3
A8: CONCRETO 1:2:3 IMPERMEABILIZADO | B8: M3
A9: MORTERO 1:4 IMPERMEABILIZADO | B9: M3
A10: ACERO DE REFUERZO | B10: KG | C10: 15000 | D10: 120 | E10: =ROUND(+C10/D10,0)*$J$4 -> 0 | F10: 7000 | G10: =ROUND(+E10+F10,0)*$J$5 -> 0
A11: ACA2 | G11: =ROUND(+E11+F11,0)*$J$5 -> 0
A12: ACA1 | G12: =ROUND(+E12+F12,0)*$J$5 -> 0
A13: ACERO ESTRUCTURAL | B13: KG | C13: 15000 | D13: 120 | E13: =ROUND(+C13/D13,0)*$J$4 -> 0 | F13: 9000 | G13: =ROUND(+E13+F13,0)*$J$5 -> 0
A14: ADAPTADOR CONDUIT DE 1/2" | B14: UND | C14: 120000 | D14: 10000 | E14: =ROUND(+C14/D14,0)*$J$4 -> 0 | F14: 435 | G14: =ROUND(+E14+F14,0)*$J$5 -> 0
A15: ADAPTADOR PVC DE 3/4" A 1/2" | B15: UND | C15: 120000 | D15: 10000 | E15: =ROUND(+C15/D15,0)*$J$4 -> 0 | F15: 400 | G15: =ROUND(+E15+F15,0)*$J$5 -> 0
A16: ADOQUIN | B16: M2 | C16: 120000 | D16: 500 | E16: =ROUND(+C16/D16,0)*$J$4 -> 0 | F16: 26000 | G16: =ROUND(+E16+F16,0)*$J$5 -> 0
A17: AGUA | B17: LTS. | C17: 250000 | D17: 9000 | E17: =ROUND(+C17/D17,0) -> 28 | G17: =ROUND(+E17+F17,0)*$J$5 -> 0
A18: ALAMBRE CALIBRE No.12 | B18: ML | C18: 120000 | D18: 3000 | E18: =ROUND(+C18/D18,0)*$J$4 -> 0 | F18: 1600 | G18: =ROUND(+E18+F18,0)*$J$5 -> 0
A19: ALAMBRE CALIBRE No.8 | B19: ML | C19: =$W$85 -> 0 | D19: 3000 | E19: =ROUND(+C19/D19,0)*$J$4 -> 0 | F19: 3000 | G19: =ROUND(+E19+F19,0)*$J$5 -> 0
A20: ALAMBRE NEGRO | B20: KG | C20: 20000 | D20: 240 | E20: =ROUND(+C20/D20,0)*$J$4 -> 0 | F20: 8000 | G20: =ROUND(+E20+F20,0)*$J$5 -> 0
A21: ALAMBRE TELEFONICO INTER | B21: ML | C21: =$W$85 -> 0 | D21: 3000 | E21: =ROUND(+C21/D21,0)*$J$4 -> 0 | F21: 780 | G21: 840
A22: ALUMINIO BLANCO CON VIDRIO AZUL | B22: M2 | C22: =$W$85 -> 0 | D22: 5000 | E22: =ROUND(+C22/D22,0)*$J$4 -> 0 | F22: 130000 | G22: =ROUND(+E22+F22,0)*$J$5 -> 0
A23: ANGULO | B23: UND | F23: 1500 | G23: =ROUND(+E23+F23,0)*$J$5 -> 0
A24: ANTICORROSIVO | B24: GALON | F24: 80000 | G24: 80000
A25: ARENA LAVADA PARA CONCRETO | B25: M3 | C25: 820000 | D25: 15 | E25: =+C25/D25 -> 54666.667 | G25: =ROUND(+E25+F25,0)*$J$5 -> 0
A26: ARENA PARA MOTERO | B26: M3 | C26: 230000 | D26: 6 | E26: =+C26/D26 -> 38333.333 | G26: =ROUND(+E26+F26,0)*$J$5 -> 0
A27: BALDOSA DE GRANITO 30X30 | B27: M2 | C27: =$W$85 -> 0 | D27: 500 | E27: =ROUND(+C27/D27,0)*$J$4 -> 0 | F27: 35000 | G27: =ROUND(+E27+F27,0)*$J$5 -> 0
A28: BISAGRAS | B28: JUEGO | C28: 120000 | D28: 200 | E28: =ROUND(+C28/D28,0)*$J$4 -> 0 | F28: 8000 | G28: =ROUND(+E28+F28,0)*$J$5 -> 0
A29: BLOQUE HUECO 9X19X38 | B29: UND | C29: =$W$85 -> 0 | D29: 1200 | E29: =ROUND(+C29/D29,0)*$J$4 -> 0 | F29: 1200 | G29: 1200
A30: BLOQUE HUECO DE ARCILLA 20X40X15 | B30: UND | C30: =$W$85 -> 0 | D30: 1000 | E30: =ROUND(+C30/D30,0)*$J$4 -> 0 | F30: 1000 | G30: =ROUND(+E30+F30,0)*$J$5 -> 0
A31: BLOQUE MACIZO DE 9X20X37 | B31: UND | C31: =$W$85 -> 0 | D31: 1000 | E31: =ROUND(+C31/D31,0)*$J$4 -> 0 | F31: 1000 | G31: =ROUND(+E31+F31,0)*$J$5 -> 0
A32: BOVEDILLAS DE ALIVEN DE 20X20X40 | B32: UND | C32: =$W$85 -> 0 | D32: 800 | E32: =ROUND(+C32/D32,0)*$J$4 -> 0 | F32: 2300 | G32: =ROUND(+E32+F32,0)*$J$5 -> 0
A33: BOQUILLA | B33: KG | F33: 900 | G33: 750
A34: BREAKER DE 20 AMPERIOS | B34: UND | C34: =$W$85 -> 0 | D34: 200 | E34: =ROUND(+C34/D34,0)*$J$4 -> 0 | F34: 9000 | G34: =ROUND(+E34+F34,0)*$J$5 -> 0
A35: Breaker industrial de 3x 400 AMP | B35: UND | C35: 200000 | D35: 50 | E35: =ROUND(+C35/D35,0)*$J$4 -> 0 | F35: 500000 | G35: =ROUND(+E35+F35,0)*$J$5 -> 0
A36: Breaker tripolar enchufable de 3x 30 AMP enchufable | B36: UND | C36: =$W$85 -> 0 | D36: 200 | E36: =ROUND(+C36/D36,0)*$J$4 -> 0 | F36: 37000 | G36: =ROUND(+E36+F36,0)*$J$5 -> 0
A37: Breaker tripolar enchufable de 3x 40 AMP enchufable | B37: UND | C37: =$W$85 -> 0 | D37: 200 | E37: =ROUND(+C37/D37,0)*$J$4 -> 0 | F37: 43500 | G37: =ROUND(+E37+F37,0)*$J$5 -> 0
A38: Breaker tripolar enchufable de 3x 50 AMP enchufable | B38: UND | C38: =$W$85 -> 0 | D38: 200 | E38: =ROUND(+C38/D38,0)*$J$4 -> 0 | F38: 55000 | G38: =ROUND(+E38+F38,0)*$J$5 -> 0
A39: Breaker tripolar enchufable de 3x 60 AMP enchufable | B39: UND | C39: =$W$85 -> 0 | D39: 200 | E39: =ROUND(+C39/D39,0)*$J$4 -> 0 | F39: 67000 | G39: =ROUND(+E39+F39,0)*$J$5 -> 0
A40: Breaker tripolar enchufable de 3x 70 AMP enchufable | B40: UND | C40: =$W$85 -> 0 | D40: 200 | E40: =ROUND(+C40/D40,0)*$J$4 -> 0 | F40: 75200 | G40: =ROUND(+E40+F40,0)*$J$5 -> 0
A41: Cable coaxial | B41: ML | C41: =$W$85 -> 0 | D41: 200 | E41: =ROUND(+C41/D41,0)*$J$4 -> 0 | F41: 1000 | G41: =ROUND(+E41+F41,0)*$J$5 -> 0
A42: Cable de cobre aislado THWN/THHN No.500 MCM | B42: ML | C42: 200000 | D42: 1200 | E42: =ROUND(+C42/D42,0)*$J$4 -> 0 | F42: 80000 | G42: =ROUND(+E42+F42,0)*$J$5 -> 0
A43: Cable de cobre aislado THWN/THHN No.300 MCM | B43: ML | C43: 200000 | D43: 1200 | E43: =ROUND(+C43/D43,0)*$J$4 -> 0 | F43: 40000 | G43: =ROUND(+E43+F43,0)*$J$5 -> 0
A44: Cable de cobre aislado THHN No. 6 | B44: ML | C44: 200000 | D44: 1200 | E44: =ROUND(+C44/D44,0)*$J$4 -> 0 | F44: 3450 | G44: =ROUND(+E44+F44,0)*$J$5 -> 0
A45: Cable de cobre aislado THHN No. 8 | B45: ML | C45: 200000 | D45: 1200 | E45: =ROUND(+C45/D45,0)*$J$4 -> 0 | F45: 3000 | G45: =ROUND(+E45+F45,0)*$J$5 -> 0
A46: Cable de cobre desnudo No: 2/0 AWG de 19 hilos | B46: ML | C46: 200000 | D46: 1200 | E46: =ROUND(+C46/D46,0)*$J$4 -> 0 | F46: 18000 | G46: =ROUND(+E46+F46,0)*$J$5 -> 0
A47: CAJA 2X4 PVC | B47: UND | C47: =$W$85 -> 0 | D47: 10000 | E47: =ROUND(+C47/D47,0)*$J$4 -> 0 | F47: 1400 | G47: =ROUND(+E47+F47,0)*$J$5 -> 0
A48: CAJA GALVANIZADA 4 X 4 | B48: UND | C48: 200000 | D48: 10000 | E48: =ROUND(+C48/D48,0)*$J$4 -> 0 | F48: 1800 | G48: =ROUND(+E48+F48,0)*$J$5 -> 0
A49: Caja metalica para 9 usuarios | B49: UND | C49: 200000 | D49: 10000 | E49: =ROUND(+C49/D49,0)*$J$4 -> 0 | F49: 98000 | G49: =ROUND(+E49+F49,0)*$J$5 -> 0
A50: Caja de mb de 20 circuitos trifasicos | B50: UND | C50: 200000 | D50: 50 | E50: =ROUND(+C50/D50,0)*$J$4 -> 0 | F50: 260000 | G50: =ROUND(+E50+F50,0)*$J$5 -> 0
A51: Caja de mb de 30 circuitos trifasicos | B51: UND | C51: 200000 | D51: 50 | E51: =ROUND(+C51/D51,0)*$J$4 -> 0 | F51: 320000 | G51: =ROUND(+E51+F51,0)*$J$5 -> 0
A52: Caja de mb de 40 circuitos trifasicos | B52: UND | C52: 200000 | D52: 50 | E52: =ROUND(+C52/D52,0)*$J$4 -> 0 | F52: 400000 | G52: =ROUND(+E52+F52,0)*$J$5 -> 0
A53: CAJA OCTOGONAL PVC | B53: UND | C53: =$W$85 -> 0 | D53: 10000 | E53: =ROUND(+C53/D53,0)*$J$4 -> 0 | F53: 1750 | G53: =ROUND(+E53+F53,0)*$J$5 -> 0
A54: Caja primaria de 15 KV | B54: UND | C54: 200000 | D54: 50 | E54: =ROUND(+C54/D54,0)*$J$4 -> 0 | F54: 400000 | G54: =ROUND(+E54+F54,0)*$J$5 -> 0
A55: CANALETA 90 L=7,50 MTS | B55: UND | C55: =$W$85 -> 0 | D55: 50 | E55: =ROUND(+C55/D55,0)*$J$4 -> 0 | F55: 175000 | G55: =ROUND(+E55+F55,0)*$J$5 -> 0
A56: CAOLIN | B56: KL | C56: =$W$85 -> 0 | D56: 5000 | E56: =ROUND(+C56/D56,0)*$J$4 -> 0 | F56: 450 | G56: =ROUND(+E56+F56,0)*$J$5 -> 0
A57: CEMENTO GRIS | B57: KG | C57: 10000 | D57: =10*42.5 -> 425 | E57: =ROUND(+C57/D57,0)*$J$4 -> 0 | F57: =22000/42.5 -> 517.64706 | G57: =F57+E57 -> 517.64706
A58: CEMENTO BLANCO | B58: KG | C58: =$W$85 -> 0 | D58: 5000 | E58: =ROUND(+C58/D58,0)*$J$4 -> 0 | F58: 1150 | G58: =ROUND(+E58+F58,0)*$J$5 -> 0
A59: CEPILLERA | B59: UND | C59: =$W$85 -> 0 | D59: 1000 | E59: =ROUND(+C59/D59,0)*$J$4 -> 0 | F59: 10000 | G59: =ROUND(+E59+F59,0)*$J$5 -> 0
A60: CERAMICA PISO-PARED 20,5 X 20,5 | B60: M2 | C60: =$W$85 -> 0 | D60: 800 | E60: =ROUND(+C60/D60,0)*$J$4 -> 0 | F60: 24500 | G60: =ROUND(+E60+F60,0)*$J$5 -> 0
A61: Ceramica esmaltada 25 X 35 cms Macedonia | B61: M2 | C61: 120000 | D61: 800 | E61: =ROUND(+C61/D61,0)*$J$4 -> 0 | F61: 35000 | G61: =ROUND(+E61+F61,0)*$J$5 -> 0
A62: CERRADURA Sencilla PARA PUERTA | B62: UND | C62: =$W$85 -> 0 | D62: 200 | E62: =ROUND(+C62/D62,0)*$J$4 -> 0 | F62: 35000 | G62: =ROUND(+E62+F62,0)*$J$5 -> 0
A63: CERRADURA Primera calidad PARA PUERTA | B63: UND | C63: =$W$85 -> 0 | D63: 200 | E63: =ROUND(+C63/D63,0)*$J$4 -> 0 | F63: 35000 | G63: =ROUND(+E63+F63,0)*$J$5 -> 0
A64: CLAVO PARA ZINC | B64: LBS | F64: 7500 | G64: =ROUND(+E64+F64,0)*$J$5 -> 0
A65: CODO PVC DE 1/2" RDE 21 | B65: UND | C65: =$W$85 -> 0 | D65: 10000 | E65: =ROUND(+C65/D65,0)*$J$4 -> 0 | F65: 300 | G65: =ROUND(+E65+F65,0)*$J$5 -> 0
A66: CODO PVC DE 3/4" RDE 21 | B66: UND | C66: =$W$85 -> 0 | D66: 10000 | E66: =ROUND(+C66/D66,0)*$J$4 -> 0 | F66: 600 | G66: =ROUND(+E66+F66,0)*$J$5 -> 0
A67: CODO PVC DE 1" a 1 1/4" RDE 21 | B67: UND | C67: =$W$85 -> 0 | D67: 10000 | E67: =ROUND(+C67/D67,0)*$J$4 -> 0 | F67: 800 | G67: =ROUND(+E67+F67,0)*$J$5 -> 0
A68: CODO PVC DE 90 X 2" | B68: UND | C68: =$W$85 -> 0 | D68: 2000 | E68: =ROUND(+C68/D68,0)*$J$4 -> 0 | F68: 3500 | G68: =ROUND(+E68+F68,0)*$J$5 -> 0
A69: CODO PVC DE 90 X 4" | B69: UND | C69: =$W$85 -> 0 | D69: 1500 | E69: =ROUND(+C69/D69,0)*$J$4 -> 0 | F69: 8000 | G69: =ROUND(+E69+F69,0)*$J$5 -> 0
A70: CURVAS CONDUIT DE 1/2" | B70: UND | C70: =$W$85 -> 0 | D70: 10000 | E70: =ROUND(+C70/D70,0)*$J$4 -> 0 | F70: 550 | G70: =ROUND(+E70+F70,0)*$J$5 -> 0
A71: DISCO DE CORTE METAL 7" | B71: UND | F71: 20000 | G71: =ROUND(+E71+F71,0)*$J$5 -> 0
A72: DISCO DE PULIR 7" | B72: UND | F72: 12500 | G72: =ROUND(+E72+F72,0)*$J$5 -> 0
A73: EMULSION ASFALTICA | B73: GALON | F73: 35700 | G73: =ROUND(+E73+F73,0)*$J$5 -> 0
A74: ESTACAS DE MADERA | B74: UND | G74: 800
A75: ESTUCO PLASTICO | B75: GALON | C75: =$W$85 -> 0 | D75: 500 | E75: =ROUND(+C75/D75,0)*$J$4 -> 0 | F75: 40000 | G75: =ROUND(+E75+F75,0)*$J$5 -> 0
A76: GAS PROPANO DE 20 LBS | B76: CILINDRO | C76: =$W$85 -> 0 | D76: 50 | E76: =ROUND(+C76/D76,0)*$J$4 -> 0 | F76: 75200 | G76: =ROUND(+E76+F76,0)*$J$5 -> 0
A77: GRANIPLAST Cuñete de 5 galones | B77: Cuñete | C77: 120000 | D77: 150 | E77: =ROUND(+C77/D77,0)*$J$4 -> 0 | F77: 80000 | G77: =ROUND(+E77+F77,0)*$J$5 -> 0
A78: GRANITO COLOR No.0 AL No. 8 | B78: KG | C78: =$W$85 -> 0 | D78: 5000 | E78: =ROUND(+C78/D78,0)*$J$4 -> 0 | F78: 600 | G78: =ROUND(+E78+F78,0)*$J$5 -> 0
A79: Granito -Traver.40Kls | B79: KG | C79: =$W$85 -> 0 | D79: 5000 | E79: =ROUND(+C79/D79,0)*$J$4 -> 0 | F79: 700 | G79: =ROUND(+E79+F79,0)*$J$5 -> 0
A80: GRIFERIA TIPO PUSH BOTON PARA LAV | B80: UND | C80: =$W$85 -> 0 | D80: 1000 | E80: =ROUND(+C80/D80,0)*$J$4 -> 0 | F80: 170000 | G80: =ROUND(+E80+F80,0)*$J$5 -> 0
A81: Fusible de alta tension | B81: UND | C81: 200000 | D81: 500 | E81: =ROUND(+C81/D81,0)*$J$4 -> 0 | F81: 30000 | G81: =ROUND(+E81+F81,0)*$J$5 -> 0
A82: Frisos pref. en material piedra ancho 25 cms | B82: ML | C82: =$W$85 -> 0 | D82: 1000 | E82: =ROUND(+C82/D82,0)*$J$4 -> 0 | F82: 27000 | G82: =ROUND(+E82+F82,0)*$J$5 -> 0
A83: ICOPOR COMO BOVEDILLA ALIGERANTE | B83: M3 | C83: 700000 | D83: 40 | E83: =ROUND(+C83/D83,0)*$J$4 -> 0 | F83: 160000 | G83: =ROUND(+E83+F83,0)*$J$5 -> 0
A84: IMPERMEBILIZANTE PARA CONCRETO | B84: KG | C84: =$W$85 -> 0 | D84: 5000 | E84: =ROUND(+C84/D84,0)*$J$4 -> 0 | F84: 1652 | G84: =ROUND(+E84+F84,0)*$J$5 -> 0
A85: IMPERMEBILIZANTE PARA MORTERO | B85: KG | C85: =$W$85 -> 0 | D85: 5000 | E85: =ROUND(+C85/D85,0)*$J$4 -> 0 | F85: 3500 | G85: =ROUND(+E85+F85,0)*$J$5 -> 0
A86: IMPRIMANTE | B86: GALON | C86: =$W$85 -> 0 | D86: 500 | E86: =ROUND(+C86/D86,0)*$J$4 -> 0 | F86: =45000/5 -> 9000 | G86: =ROUND(+E86+F86,0)*$J$5 -> 0
A87: INODORO COLOR NIVEL IV | B87: UND | C87: =$W$85 -> 0 | D87: 30 | E87: =ROUND(+C87/D87,0)*$J$4 -> 0 | F87: 200000 | G87: =ROUND(+E87+F87,0)*$J$5 -> 0
A88: INTERRUPTOR SENCILLO LUMINEX | B88: UND | C88: =$W$85 -> 0 | D88: 2000 | E88: =ROUND(+C88/D88,0)*$J$4 -> 0 | F88: 12700 | G88: =ROUND(+E88+F88,0)*$J$5 -> 0
A89: JABONERA | B89: UND | C89: =$W$85 -> 0 | D89: 1000 | E89: =ROUND(+C89/D89,0)*$J$4 -> 0 | F89: 10000 | G89: =ROUND(+E89+F89,0)*$J$5 -> 0
A90: JAMBAS | B90: ML | C90: =$W$85 -> 0 | D90: 1000 | E90: =ROUND(+C90/D90,0)*$J$4 -> 0 | F90: =14000/3/3 -> 1555.5556 | G90: =ROUND(+E90+F90,0)*$J$5 -> 0
A91: Ladrillo de arcilla calcinada de 7x15x30 cms | B91: UND | C91: 150000 | D91: 3000 | E91: =ROUND(+C91/D91,0)*$J$4 -> 0 | F91: 300 | G91: =ROUND(+E91+F91,0)*$J$5 -> 0
A92: Ladrillo blocon | B92: UND | C92: 150000 | D92: 3000 | E92: =ROUND(+C92/D92,0)*$J$4 -> 0 | F92: 600 | G92: =ROUND(+E92+F92,0)*$J$5 -> 0
A93: LAMINA DE PLOMO | B93: M2 | C93: 150000 | D93: 20 | E93: =ROUND(+C93/D93,0)*$J$4 -> 0 | F93: 160000 | G93: =ROUND(+E93+F93,0)*$J$5 -> 0
A94: LAMINA DRYWALL | B94: M2 | C94: 150000 | D94: 600 | E94: =ROUND(+C94/D94,0)*$J$4 -> 0 | F94: 10000 | G94: =ROUND(+E94+F94,0)*$J$5 -> 0
A95: LAMINA termoacustica | B95: m2 | C95: =$W$85 -> 0 | D95: 800 | E95: =ROUND(+C95/D95,0)*$J$4 -> 0 | F95: 20000 | G95: 80000
A96: LAMINA DE PVC CIELORASO | B96: M2 | F96: 22792 | G96: =ROUND(+E96+F96,0)*$J$5 -> 0
A97: LAMINA DE ZINC #10 | B97: UND | G97: 25200
A98: LAMPARA CIRCULAR U OJO DE BUEY | B98: UND | C98: =$W$85 -> 0 | D98: 100 | E98: =ROUND(+C98/D98,0)*$J$4 -> 0 | F98: 25000 | G98: =ROUND(+E98+F98,0)*$J$5 -> 0
A99: LAMPARA FLUORESCENTE DE 2X48 | B99: UND | C99: =$W$85 -> 0 | D99: 100 | E99: =ROUND(+C99/D99,0)*$J$4 -> 0 | F99: 58000 | G99: =ROUND(+E99+F99,0)*$J$5 -> 0
A100: LAMPARA FLUORESCENTE DE 2X96 | B100: UND | C100: =$W$85 -> 0 | D100: 100 | E100: =ROUND(+C100/D100,0)*$J$4 -> 0 | F100: 75000 | G100: =ROUND(+E100+F100,0)*$J$5 -> 0
A101: LAMPARA LED | B101: UND | F101: 67550 | G101: =ROUND(+E101+F101,0)*$J$5 -> 0
A102: LAVAMANOS COLOR NIVEL IV | B102: UND | C102: =$W$85 -> 0 | D102: 30 | E102: =ROUND(+C102/D102,0)*$J$4 -> 0 | F102: 150000 | G102: =ROUND(+E102+F102,0)*$J$5 -> 0
...

Sheet Hoja3
A1: T A R I F A S O C O S T O S Y P O R C E N T A J E S
A3: 1) PERSONAL
C6: SALARIO/DIA | D6: ALIMENTO | E6: TOTAL
D7: POR | E7: JORNAL
D8: DIA | E8: POR HORA
A11: OFICIAL | C11: =+C12*1.6 -> 77973.333 | D11: 0 | E11: =ROUND(SUM(C11:D11)/8,0) -> 9747
A12: AYUDANTE | C12: =(1300000+162000)/30 -> 48733.333 | D12: 0 | E12: =ROUND(SUM(C12:D12)/8,0) -> 6092
A15: 2) EQUIPOS Y HERRAMIENTAS
E16: TOTAL
A17: DESCRIPCION | B17: UNIDAD | C17: ALQUILER/DIA | D17: OTROS | E17: COSTO HORARIO
A19: H.MENORES | B19: GLB | C19: 20000 | E19: =ROUND(SUM(C19:D19)/8,0) -> 2500
A20: VIBRADOR DE CONCRETO | B20: UND | C20: 80000 | E20: =ROUND(SUM(C20:D20)/8,0) -> 10000
A21: MEZCLADORA | B21: UND | C21: 100000 | E21: =ROUND(SUM(C21:D21)/8,0) -> 12500
A22: ANDAMIOS SENCILLOS(tablones) | B22: UND | C22: 8000 | E22: =ROUND(SUM(C22:D22)/8,0) -> 1000
A23: FORMALETAS+CERCHAS+GATOS | B23: M2 | C23: 7000 | E23: =ROUND(SUM(C23:D23)/8,0) -> 875
A24: MAQUINA PULIDORA | B24: UND | C24: 80000 | E24: =ROUND(SUM(C24:D24)/8,0) -> 10000
A25: EQUIPO DE SOLDADURA Y PINTURA | B25: UND | C25: 50000 | E25: =ROUND(SUM(C25:D25)/8,0) -> 6250
A26: 3) OTROS : | E26: =ROUND(SUM(C26:D26)/8,0) -> 0
A27: Aparejos + Señorita | B27: UND | C27: 50000 | E27: =ROUND(SUM(C27:D27)/8,0) -> 6250
A28: GRUA DE 5 TON para hizar postes | B28: UND | C28: 1500000 | E28: =ROUND(SUM(C28:D28)/8,0) -> 187500
A29: VOLTEO DE 5,5M3 | B29: VIAJE | C29: 350000 | E29: =ROUND(SUM(C29:D29)/8,0) -> 43750
A30: VIBRO COMPACTADPR TIPO CANGURO | B30: UND | C30: 90000 | E30: =ROUND(SUM(C30:D30)/8,0) -> 11250
A31: EQUIPO DE ASPERSION PARA IMPERMEABILIZAR CON MANTO ASFALTICO | B31: UND | C31: 80000 | E31: =ROUND(SUM(C31:D31)/8,0) -> 10000
